 Dungeon Crawl Stone Soup version 0.32-a0-961-gd60f5e5fc7 (webtiles) character file.

Game seed: 7603296170599927019

334 Dylgear the Shield-Bearer (level 6, -1/48 HPs)
             Began as a Formicid Fighter on Apr 17, 2024.
             Succumbed to a kobold brigand's poison
             ... on level 4 of the Dungeon.
             The game lasted 00:08:10 (2826 turns).

Dylgear the Shield-Bearer (Formicid Fighter)        Turns: 2826, Time: 00:08:11

Health: -1/48      AC: 22    Str: 20    XL:     6   Next: 83%
Magic:  5/5        EV:  4    Int:  8    God:
Gold:   252        SH:  5    Dex: 15    Spells: 5/5 levels left

rFire   . . .        a - +0 war axe (protect)
rCold   . . .        c - +0 buckler
rNeg    . . .        i - +0 plate armour
rPois   .            (helmet unavailable)
rElec   .            (no cloak)
rCorr   .            f - +2 pair of gloves
SInv    +            (no boots)
Will    .....        (no amulet) Stlth
                     (no ring)
HPRegen 0.28/turn    (no ring)
MPRegen 0.09/turn

%: no passive effects
@: lethally poisoned (-1 -> -14), under a protective aura
A: permanent stasis, dig shafts and tunnels, antennae 3, four strong arms, low
MP 1, wild magic 1, inability to drink after injury 1
a: Dig, Shaft Self


You were on level 4 of the Dungeon.
You visited 1 branch of the dungeon, and saw 4 of its levels.

You collected 252 gold pieces.

Inventory:

Hand Weapons
 a - a +0 war axe of protection (weapon)
 d - a +0 flail
 h - a +3 short sword
 l - a +2 short sword of freezing
Armour
 b - a +0 scale mail
 c - a +0 buckler (worn)
 e - a +0 chain mail
 f - a +2 pair of gloves (worn)
 i - a +0 plate armour (worn)
Jewellery
 k - a ring of protection from fire
Scrolls
 m - a scroll of brand weapon


   Skills:
 * Level 4.1 Fighting
 * Level 4.6 Axes
 * Level 4.8 Armour
 * Level 5.4 Shields


You had 5 spell levels left.
You didn't know any spells.
Your spell library contained the following spells:

 Spells                   Type           Power      Damage    Failure   Level
 Sandblast                Erth           0%         2d4       100%        1
 Ensorcelled Hibernation  Hex/Ice        0%         N/A       100%        2
 Lesser Beckoning         Tloc           0%         N/A       100%        2
 Momentum Strike          Conj/Tloc      0%         3d8       100%        2
 Static Discharge         Conj/Air       0%         3-3/arc   100%        2
 Passwall                 Erth           0%         N/A       100%        3
 Stone Arrow              Conj/Erth      0%         3d7       100%        3
 Airstrike                Air            0%         2d(0-16)  100%        4
 Summon Lightning Spire   Summ/Air       0%         N/A       100%        4
 Blink                    Tloc           Unusable   N/A       N/A         2
 Swiftness                Air            Unusable   N/A       N/A         3

Dungeon Overview and Level Annotations

Branches:
Dungeon (4/15)
 Temple: D:4-7

Altars:
Makhleb
Okawaru
Ru


Innate Abilities, Weirdness & Mutations

You cannot be hasted, slowed, berserked, paralysed or teleported.
You can dig through walls and to a lower floor.
You have a pair of large antennae on your head. (SInv)
Your four strong arms can wield two-handed weapons with a shield.
Your magical capacity is low. (-10% MP)
Your spells are a little harder to cast, but a little more powerful.
You occasionally lose the ability to drink potions when taking damage.


Message History

Your +0 war axe projects an invisible shield of force!
a - a +0 war axe of protection (weapon)
You feel sick.
You feel sick. The orc attacks as it pursues you! You block the orc's attack.
You feel sick.
You feel sick.
You are no longer poisoned.
There is an open door here.
The orc attacks as it pursues you! The orc hits you but does no damage.
You are electrocuted!
* * * LOW HITPOINT WARNING * * *
The orc attacks as it pursues you! The orc hits you but does no damage.
The orc attacks as it pursues you! The orc hits you but does no damage.
There is an open door here.
The orc attacks as it pursues you! The orc hits you but does no damage.
You barely miss the orc. The orc hits you but does no damage.
You hit the orc.
Your weapon exudes an aura of protection.
The orc is heavily wounded.
The orc hits you but does no damage.
You slash the orc!
You kill the orc!
You hit the kobold brigand.
The kobold brigand is severely wounded.
The kobold brigand barely misses you.
The kobold brigand hits you with a +0 dagger of venom.
* * * LOW HITPOINT WARNING * * *
You are lethally poisoned!
You closely miss the kobold brigand.
The kobold brigand is severely wounded.
* * * LOW HITPOINT WARNING * * *
You feel very sick.
The kobold brigand hits you but does no damage.
You are more poisoned.
Okay, then.
You feel extremely strange.
Your urge to shout disappears.
You feel clumsy.
You feel less in control of your magic.
You occasionally lose the ability to drink potions when taking damage.
You die...

....#.. ###....#..
..# ......'.....#
......#..##'#
.....#..##.#####
.....#..........
####....#..........
#..K....#..........
+.@#{...#.....)....
####....#..####+###
#....###..##......
#....K.....#......
#....#.....#......
#.....†....#......
#.....#########...
#....#.........###
..'..(.#.≈≈≈≈≈≈≈.#..


You could see a kobold brigand.

Vanquished Creatures
  A scorpion (D:4)
  A hound (D:4)
  Terence (D:3)
  Natasha (thrice) (D:3)
  4 gnolls
  5 adders
  A dart slug (D:1)
  A ribbon worm (D:2)
  7 orcs
  5 endoplasms
  A giant cockroach (D:3)
  2 goblins
  7 hobgoblins
  2 quokkas
  4 ball pythons
  A bat (D:3)
  2 frilled lizards
  7 kobolds
  15 rats
70 creatures vanquished.

Notes
Turn   | Place    | Note
-------+----------+-------------------------------------------
     0 | D:1      | Dylgear the Formicid Fighter began the quest for the Orb.
     0 | D:1      | Reached XP level 1. HP: 18/18 MP: 1/1
   407 | D:1      | Reached XP level 2. HP: 24/24 MP: 2/2
   906 | D:2      | Reached XP level 3. HP: 26/29 MP: 3/3
  1114 | D:2      | Found an iron altar of Okawaru.
  1204 | D:2      | Reached XP level 4. HP: 37/37 MP: 4/4
  1559 | D:2      | Reached XP level 5. HP: 25/42 MP: 5/5
  1832 | D:3      | Noticed Terence
  1832 | D:3      | Noticed Natasha
  1844 | D:3      | Killed Terence
  1845 | D:3      | Killed Natasha
  1846 | D:3      | Reached skill level 5 in Shields
  1943 | D:3      | Noticed Natasha
  1960 | D:3      | Killed Natasha
  1961 | D:3      | Reached XP level 6. HP: 33/48 MP: 6/6
  2149 | D:3      | Noticed Natasha
  2160 | D:3      | Killed Natasha
  2461 | D:4      | Found a sacrificial altar of Ru.
  2715 | D:4      | Found an iron altar of Okawaru.
  2736 | D:4      | Found a burning altar of Makhleb.
  2806 | D:4      | Gained mutation: You occasionally shout uncontrollably at
                  | your foes. [potion of mutation]
  2806 | D:4      | Gained mutation: You are agile. (Dex +4, Str/Int -1)
                  | [potion of mutation]
  2806 | D:4      | Gained mutation: Your magical capacity is low. (-10% MP)
                  | [potion of mutation]
  2816 | D:4      | HP: 2/48 [orc/+0 falchion of electrocution (8)]
  2825 | D:4      | HP: 1/48 [poisoned by a kobold brigand]
  2826 | D:4      | Lost mutation: You occasionally shout uncontrollably at
                  | your foes. [potion of mutation]
  2826 | D:4      | Lost mutation: You are agile. (Dex +4, Str/Int -1) [potion
                  | of mutation]
  2826 | D:4      | Gained mutation: Your spells are a little harder to cast,
                  | but a little more powerful. [potion of mutation]
  2826 | D:4      | Gained mutation: You occasionally lose the ability to drink
                  | potions when taking damage. [potion of mutation]
  2826 | D:4      | Succumbed to a kobold brigand's poison

Illustrated notes

Levels and vault maps discovered:
D:1:      wander_arrival_lonely_grave, layout_basic, minmay_rat_gold_closets
D:2:      layout_rooms, basic_altar, kennysheep_cluttered_room
D:3:      layout_rooms, mainiacjoe_sewer_entry_somewhere_in_here_2,
          minmay_diced_spiral, uniq_terence, uniq_natasha
D:4:      layout_gridville, overflow_temple_1_default,
          mainiacjoe_overflow_alcove_2, mainiacjoe_overflow_paths

Skill      XL: |  1  2  3  4  5  6 |
---------------+-------------------+-----
Axes           | 3 4 |  4.6
Armour         | 4 |  4.8
Shields        | 5 |  5.4
Fighting       | 4 |  4.1

Action                     |  1- 3 |  4- 6 || total
---------------------------+-------+-------++-------
  Melee: War axe           |    72 |   142 ||   214
    Use: Potion            |       |     6 ||     6
         Scroll            |       |     5 ||     5
 Armour: Chain mail        |    12 |       ||    12
         Scale mail        |     3 |       ||     3
         Plate armour      |    47 |   195 ||   242
  Dodge: Dodged            |     3 |    44 ||    47
  Block: Buckler           |    18 |    56 ||    74

Table legend: (Time is in decaauts)
 A = Elapsed time spent in this place.
 B = Non-inter-level travel time spent in this place.
 C = Inter-level travel time spent in this place.
 D = Time resting spent in this place.
 E = Time spent auto-exploring this place.
 F = Levels seen in this place.
 G = Mean time per level.
                   A        B        C        D        E       F      G
               +--------+--------+--------+--------+--------+-----+--------+
         Total |   2923 |   2626 |    297 |     29 |   1772 |   4 |  730.8 |
       Dungeon |   2923 |   2626 |    297 |     29 |   1772 |   4 |  730.8 |
               +--------+--------+--------+--------+--------+-----+--------+

Top non-repeatable levels by time:
     D:3: 872 daAuts
     D:1: 857 daAuts
     D:2: 762 daAuts
     D:4: 430 daAuts
